 Dungeon Crawl Stone Soup version 0.18.1-48-g4cf74bf (webtiles) character file.

729 simples the Basher (level 7, -4/76 HPs)
             Began as an Ogre Chaos Knight on July 2, 2016.
             Killed from afar by a guardian serpent (18 damage)
             ... with a bolt of poison
             ... on level 3 of the Dungeon.
             The game lasted 00:05:18 (3518 turns).

simples the Basher (Ogre Chaos Knight)              Turns: 3518, Time: 00:05:19

Health: -4/76      AC:  5    Str: 20    XL:     7   Next: 73%
Magic:  6/7        EV: 10    Int: 11    God:    Xom [...*..]
Gold:   84         SH:  0    Dex:  9    Spells: 0 memorised, 6 levels left

rFire  . . .     SeeInvis .     a - +0 mace (chaos)
rCold  . . .     Gourm    .     b - +2 robe
rNeg   . . .     Faith    .     (no shield)
rPois  .         Spirit   .     (helmet restricted)
rElec  .         Dismiss  .     (no cloak)
rCorr  .         Reflect  .     (gloves unavailable)
SustAt .         Harm     .     (boots unavailable)
MR     .....                    (no amulet)
Stlth  +.........               (no ring)
                                (no ring)

@: lethally poisoned (-4 -> -25), not resistant to hostile enchantments, very
unstealthy
A: unfitting armour, tough skin 1
a: Renounce Religion


You were on level 3 of the Dungeon.
You worshipped Xom.
You were a favourite toy of Xom.
You were not hungry.

You visited 1 branch of the dungeon, and saw 3 of its levels.

You collected 84 gold pieces.

Inventory:

Hand Weapons
 a - a +0 mace of chaos (weapon)
Armour
 b - a +2 robe (worn)
Jewellery
 g - an uncursed ring of stealth {unknown}
 h - an uncursed ring of ice {unknown}
 t - a +3 amulet of reflection {unknown}
Scrolls
 j - 2 scrolls of immolation
 k - a scroll of amnesia {unknown}
 m - 2 scrolls of blinking {unknown}
Potions
 e - a potion of cure mutation {unknown}
 i - a potion of ambrosia {unknown}
 l - a potion of curing
 o - a potion of heal wounds {unknown}
 p - a potion of beneficial mutation {unknown}
 q - a potion of agility
 r - 3 potions of mutation {unknown}
 s - a potion of might {unknown}
Comestibles
 c - 2 bread rations
 d - 2 chunks of flesh
 f - a slice of pizza
 n - a meat ration


   Skills:
 + Level 6.8 Fighting
 * Level 8.7 Maces & Flails
 + Level 4.0 Dodging


You had 6 spell levels left.
You didn't know any spells.

Dungeon Overview and Level Annotations

Branches:
Dungeon (3/15)

Altars:
Trog
Xom


Innate Abilities, Weirdness & Mutations

You are too large for most types of armour.
You have tough skin (AC +1).


Message History

The eye of draining evaporates and reforms as a guardian serpent!
The guardian serpent barely misses you.
You barely miss the guardian serpent. The guardian serpent hits you.
You hit the guardian serpent.
The guardian serpent is lightly wounded.
The guardian serpent hits you! x2
You hit the guardian serpent but do no damage.
The guardian serpent is lightly wounded.
The guardian serpent casts a spell at you.
The bolt of poison hits you!
You are poisoned.
* * * LOW HITPOINT WARNING * * *
You miss the guardian serpent.
The guardian serpent is lightly wounded.
You feel sick.
The guardian serpent coils itself and waves its upper body at you.
The bolt of poison hits you!
You are lethally poisoned!
You die...
Xom bursts into laughter!

##.####..##.#######))([......
#........##.######.)<##.####.
#.#......#.....)_(([##..#
#.............)_.###.##
#........).....### #5#
.#......#).#####.# #.#
..........##...##.#..gg#
..........#.8...###....#
.#......!...@S....##.....
####...#......._.##....#.
###....[......##.......
###..#.8...##...... ..
....##...##........... ###...
#### ..... .#....


You could see a guardian serpent.

Vanquished Creatures
  Grinder (D:3)
  A two-headed ogre (D:3)
  2 eyes of draining
  Terence (D:3)
  Robin (D:3)
  3 adders
  2 gnolls
  An ooze (D:1)
  A dart slug (D:1)
  A giant gecko (D:1)
  9 orcs
  A giant cockroach (D:1)
  16 goblins
  11 hobgoblins
  5 jackals
  2 quokkas
  4 ball pythons
  6 bats
  4 giant newts
  4 kobolds
  4 rats
80 creatures vanquished.

Notes
Turn   | Place    | Note
--------------------------------------------------------------
     0 | D:1      | simples the Ogre Chaos Knight began the quest for the Orb.
     0 | D:1      | Reached XP level 1. HP: 24/24 MP: 1/1
    19 | D:1      | XOM: potion effect (invisibility)
    82 | D:1      | Reached XP level 2. HP: 32/32 MP: 2/2
   276 | D:1      | XOM: silly message
   427 | D:1      | XOM: mild Conj miscast
   573 | D:1      | XOM: harmless Summ miscast
   576 | D:1      | XOM: harmless Trmt miscast
   670 | D:1      | Reached XP level 3. HP: 40/40 MP: 3/3
  1210 | D:3      | Reached skill level 5 in Maces & Flails
  1212 | D:3      | XOM: noise
  1215 | D:3      | XOM: enchant monster (bad)
  1233 | D:2      | Reached XP level 4. HP: 26/49 MP: 4/4
  1448 | D:2      | XOM: vitrification
  1504 | D:3      | Noticed Terence
  1508 | D:3      | Noticed Robin
  1582 | D:2      | XOM: summons 1 hostile demon
  1583 | D:2      | Noticed a ynoxinul
  1989 | D:3      | Reached skill level 5 in Fighting
  2139 | D:2      | XOM: stat loss: -1 Str (17/18)
  2239 | D:3      | Found a bloodstained altar of Trog.
  2239 | D:3      | Noticed an eye of draining
  2240 | D:3      | Noticed an eye of draining
  2240 | D:3      | Noticed an eye of draining
  2355 | D:2      | XOM: harmless Ice miscast
  2404 | D:2      | XOM: mild Hex miscast
  2604 | D:3      | XOM: enchant monster (bad)
  2755 | D:1      | XOM: draining
  2822 | D:2      | XOM: scenery: create altars
  2825 | D:2      | Reached XP level 5. HP: 50/57 MP: 3/5
  2826 | D:2      | XOM: fake destruction
  2836 | D:2      | Killed an eye of draining
  2836 | D:2      | Reached skill level 6 in Maces & Flails
  3019 | D:3      | XOM: scenery: create altars
  3021 | D:3      | Noticed a two-headed ogre
  3021 | D:3      | an eye of draining changed into a two-headed ogre
  3021 | D:3      | XOM: polymorph eye of draining -> two-headed ogre
  3024 | D:3      | Killed a two-headed ogre
  3024 | D:3      | Reached skill level 7 in Maces & Flails
  3024 | D:3      | Reached XP level 6. HP: 49/67 MP: 0/6
  3034 | D:3      | Killed an eye of draining
  3034 | D:3      | Reached XP level 7. HP: 58/76 MP: 0/7
  3110 | D:3      | Noticed Grinder
  3124 | D:3      | XOM: summons friendly crimson imp
  3129 | D:3      | Reached skill level 8 in Maces & Flails
  3136 | D:3      | Killed Robin
  3154 | D:3      | Killed Grinder
  3476 | D:3      | XOM: blink monster(s)
  3481 | D:3      | XOM: confuse monster(s)
  3489 | D:3      | Killed Terence
  3514 | D:3      | Noticed a guardian serpent
  3514 | D:3      | an eye of draining changed into a guardian serpent
  3514 | D:3      | XOM: polymorph eye of draining -> guardian serpent
  3518 | D:3      | Killed from afar by a guardian serpent

Skill      XL: |  1  2  3  4  5  6  7 |
---------------+----------------------+-----
Maces & Flails | 5 7 8 |  8.7
Fighting       | 5 6 |  6.8
Dodging        | 3 4 |  4.0

Action                   |  1- 3 |  4- 6 |  7- 9 || total
-------------------------+-------+-------+-------++-------
Melee: Mace              |    87 |   131 |    61 ||   279
  Use: Scroll            |       |     2 |       ||     2
       Potion            |       |     2 |       ||     2
 Stab: Invisible         |     1 |       |       ||     1
       Sleeping          |     2 |       |       ||     2
  Eat: Chunk             |     1 |     6 |     2 ||     9
Armor: Robe              |    29 |    55 |    15 ||    99
Dodge: Dodged            |    47 |    86 |    30 ||   163
